Map: Ruins of Seras

Players

LiquidTLO (TLO)

  • Race: Zerg Zerg
  • League: Grandmaster

TYTY (TY) - Winner!

  • Race: Terran Terran
  • League: Diamond

Event: DreamHack ROCCAT LotV Championship

VOD

Have the link to the VOD?

Description

Time

  • Played on: Nov. 26, 2015, 2:05 p.m.
  • Length: 11:02

All games in this series

Show
View Real Time Build Order
Export as new Build Order

LiquidTLO Zerg 

Build Orders: Hatch First 

Get SALT Encoding   

  12  0:01  Drone  
  13  0:12  Overlord  
  13  0:17  Drone  
  14  0:30  Drone x2  
  16  0:50  Hatchery  
  16  0:53  Drone  
  16  0:56  Drone  
  17  0:59  Drone  
  17  1:02  Extractor  
  17  1:17  Spawning Pool  
  16  1:21  Drone  
  16  1:23  Drone  
  18  1:29  Drone  
  19  1:45  Overlord  
  19  2:04  Metabolic Boost, Queen, Zergling x4  
  23  2:09  Queen  
  23  2:14  Drone  
  26  2:16  Drone  
  28  2:22  Drone  
  28  2:23  Drone  
  29  2:32  Overlord  
  29  2:33  Drone  
  29  2:36  Drone  
  31  2:41  Queen  
  33  2:48  Queen  
  35  2:54  Drone  
  35  2:56  Zergling x2  
  35  2:58  Drone  
  38  3:01  Drone  
  39  3:06  Drone  
  39  3:07  Drone  
  39  3:12  Drone  
  42  3:19  Hatchery  
  41  3:21  Drone  
  41  3:22  Drone  
  43  3:28  Drone  
  43  3:32  Overlord  
  44  3:35  Overlord  
  44  3:36  Extractor  
  44  3:37  Drone  
  44  3:41  Drone  
  43  3:50  Drone x2  
  43  3:51  Baneling Nest  
  43  3:52  Drone  
  43  3:55  Drone x2  
  47  3:58  Drone  
  47  3:59  Drone  
  47  4:02  Drone x2  
  51  4:04  Drone  
  53  4:10  Drone x2  
  53  4:12  Drone  
  55  4:17  Spine Crawler  
  55  4:18  Evolution Chamber x2  
  55  4:21  Spore Crawler  
  55  4:22  Zergling x4  
  53  4:24  Zergling x2  
  53  4:25  Drone  
  53  4:28  Drone  
  56  4:33  Drone  
  56  4:34  Spore Crawler, Baneling  
  56  4:35  Baneling x2  
  56  4:36  Zergling x2  
  56  4:37  Zergling x2  
  58  4:40  Zergling x2  
  58  4:44  Drone  
  60  4:46  Drone  
  61  4:53  Drone  
  61  4:54  Drone  
  61  4:56  Zerg Ground Armor Level 1  
  62  5:00  Drone x2  
  62  5:01  Drone  
  62  5:03  Overlord  
  62  5:06  Zerg Melee Weapons Level 1  
  64  5:09  Zergling x2  
  65  5:17  Zergling x2  
  65  5:19  Drone  
  65  5:20  Drone x2  
  65  5:21  Drone x2  
  66  5:22  Drone  
  66  5:23  Drone  
  66  5:24  Drone  
  66  5:27  Drone  
  67  5:31  Drone  
  67  5:34  Drone  
  67  5:35  Drone  
  70  5:37  Lair, Spore Crawler  
  70  5:41  Drone  
  69  5:46  Zergling x2  
  69  5:47  Zergling x2  
  69  5:48  Zergling x4  
  72  5:57  Zergling x2  
  72  5:59  Drone  
  72  6:01  Overlord x2  
  72  6:03  Spore Crawler  
  72  6:05  Overlord  
  72  6:07  Drone, Extractor  
  72  6:10  Drone x2  
  74  6:18  Overlord, Extractor x2  
  72  6:19  Extractor  
  72  6:20  Drone x2  
  72  6:24  Drone x4  
  71  6:26  Drone  
  71  6:29  Drone  
  71  6:30  Drone x2  
  71  6:31  Hatchery  
  70  6:34  Drone x3  
  70  6:37  Drone  
  70  6:39  Drone x2  
  76  6:42  Drone x2  
  76  6:44  Drone x2  
  76  6:45  Drone  
  81  6:48  Drone  
  81  6:50  Overlord  
  81  6:59  Roach Warren  
  81  7:00  Zerg Ground Armor Level 2  
  80  7:03  Zerg Melee Weapons Level 2  
  80  7:12  Drone x4  
  80  7:13  Overlord  
  84  7:16  Centrifical Hooks  
  84  7:18  Baneling x3  
  84  7:19  Zergling x2  
  84  7:20  Zergling x2  
  84  7:22  Zergling x2  
  87  7:23  Zergling x2  
  87  7:25  Zergling x2  
  87  7:26  Zergling x2  
  87  7:27  Zergling x2  
  87  7:28  Zergling x2  
  92  7:34  Zergling x2  
  92  7:35  Zergling x6  
  92  7:36  Spore Crawler  
  95  7:40  Zergling x8  
  95  7:42  Baneling x5  
  96  7:44  Zergling x2  
  96  7:45  Zergling x2  
  96  7:47  Overseer, Zergling x2  
  96  7:48  Zergling x2  
  92  7:52  Zergling x2  
  92  7:53  Zergling x2  
  92  7:55  Zergling x2  
  92  7:57  Zergling x4  
  94  8:01  Zergling x2  
  94  8:02  Zergling x2  
  90  8:07  Zergling x2  
  90  8:11  Roach x4  
  90  8:12  Roach  
  101  8:13  Infestation Pit  
  101  8:16  Roach  
  101  8:19  Roach  
  102  8:20  Roach x2  
  102  8:22  Drone  
  102  8:24  Roach  
  102  8:25  Roach  
  108  8:28  Roach  
  108  8:29  Roach  
  108  8:32  Roach  
  108  8:34  Overlord  
  112  8:35  Baneling  
  112  8:36  Baneling x2  
  112  8:39  Ravager  
  111  8:44  Ravager  
  111  8:45  Overlord x3  
  112  8:51  Hive  
  112  8:53  Zergling x2  
  112  8:54  Zergling x6  
  112  8:55  Zergling x2  
  115  8:56  Ravager x3  
  115  8:57  Ravager x2  
  120  9:03  Zergling x6  
  120  9:04  Baneling x2, Zergling x2  
  120  9:05  Baneling  
  120  9:06  Zergling x4  
  120  9:07  Zergling x2  
  120  9:08  Zergling x2  
  120  9:09  Zergling x2  
  129  9:11  Zergling x4  
  129  9:15  Zergling x4  
  129  9:16  Zergling x2  
  133  9:19  Zergling x2  
  133  9:21  Zergling x4  
  133  9:23  Zergling x2  
  137  9:24  Overlord  
  137  9:27  Zergling x2  
  137  9:28  Zergling x2  
  137  9:29  Roach  
  136  9:35  Roach  
  136  9:36  Roach x3  
  136  9:37  Roach  
  137  9:41  Drone  
  137  9:42  Drone  
  137  9:48  Ravager x3  
  137  9:49  Ravager x3  
  141  9:53  Drone x3  
  141  9:55  Drone  
  141  9:56  Drone x2  
  141  9:57  Drone x2  
  141  9:58  Drone  
  148  10:03  Roach  
  148  10:04  Roach x2  
  148  10:06  Drone  
  148  10:07  Spore Crawler, Zergling x2  
  151  10:08  Zergling x2  
  151  10:12  Overlord  
  151  10:17  Ultralisk Cavern  
  150  10:27  Baneling x7  
  150  10:29  Overlord x2  
  150  10:30  Roach  
  150  10:32  Roach  
  150  10:33  Roach  
  150  10:37  Roach  
  150  10:39  Roach x2  
  150  10:40  Roach  
  150  10:41  Roach  
  121  10:43  Roach x3  
  88  11:01  Ravager x2  
Show
View Real Time Build Order
Export as new Build Order

TYTY Terran - Winner!

Build Orders: Liberator Opening, Reaper Expand, Bio Mine 

Get SALT Encoding   

  12  0:00  SCV  
  13  0:12  SCV  
  14  0:17  Supply Depot  
  14  0:24  SCV  
  15  0:39  SCV  
  15  0:41  Barracks  
  16  0:44  Refinery  
  16  0:51  SCV  
  17  1:03  SCV  
  18  1:15  SCV  
  19  1:30  Reaper, Orbital Command  
  20  1:45  Command Center  
  20  1:55  SCV  
  20  1:59  Supply Depot  
  21  2:07  Factory  
  21  2:10  Marine  
  21  2:14  SCV  
  23  2:26  SCV  
  24  2:35  Barracks Reactor, Refinery  
  24  2:38  SCV  
  25  2:50  SCV  
  26  2:59  Starport, Orbital Command  
  26  3:02  SCV  
  27  3:14  Hellion x2  
  27  3:15  SCV  
  32  3:21  Marine  
  32  3:26  SCV  
  35  3:27  SCV  
  34  3:35  Supply Depot, Medivac, Widow Mine x2  
  34  3:38  SCV  
  41  3:43  SCV  
  41  3:48  Barracks Tech Lab, Liberator  
  41  3:50  SCV  
  41  3:55  SCV  
  43  4:02  SCV  
  44  4:04  Hellion x2  
  44  4:07  SCV  
  44  4:09  Supply Depot  
  52  4:10  Marine  
  52  4:14  SCV  
  52  4:15  Supply Depot  
  54  4:29  Command Center  
  54  4:31  SCV  
  55  4:34  SCV  
  55  4:37  Barracks Tech Lab  
  56  4:43  SCV  
  55  4:46  SCV  
  56  4:54  Factory Reactor  
  56  4:55  SCV, Barracks, Marine  
  56  4:56  Stimpack  
  56  4:57  Barracks  
  56  4:58  SCV  
  59  5:04  Bunker  
  59  5:07  Starport Reactor  
  59  5:08  SCV  
  59  5:10  SCV  
  59  5:13  Supply Depot, Marine  
  62  5:20  SCV  
  61  5:22  SCV  
  58  5:31  Marine  
  58  5:32  SCV  
  58  5:34  SCV  
  61  5:38  Starport Reactor  
  61  5:44  Supply Depot, SCV  
  61  5:45  Refinery, Orbital Command  
  61  5:46  SCV, Engineering Bay  
  61  5:47  Engineering Bay  
  61  5:49  Factory Reactor, Marine  
  64  5:50  Marine x3  
  64  5:54  Refinery  
  67  6:00  Marine  
  67  6:01  SCV x2  
  67  6:04  Supply Depot  
  70  6:06  Marine  
  70  6:08  Marine x2  
  73  6:13  Terran Infantry Weapons Level 1, Terran Infantry Armor Level 1  
  73  6:15  SCV x2  
  73  6:18  Medivac x2  
  77  6:24  Marine  
  78  6:29  Marine x2  
  78  6:30  Marine x2  
  78  6:31  SCV x2  
  77  6:33  Widow Mine x2  
  77  6:39  Barracks  
  80  6:40  Barracks  
  80  6:42  Marine  
  80  6:44  SCV  
  80  6:47  Marine x2  
  82  6:48  Marine  
  82  6:50  Medivac x2  
  89  6:56  SCV x2  
  89  7:00  Orbital Command  
  89  7:01  Armory, Widow Mine x2  
  91  7:02  Factory  
  95  7:08  SCV x2  
  95  7:09  Marine x2  
  95  7:11  Supply Depot  
  99  7:16  Marine  
  99  7:17  Marine x2  
  99  7:20  SCV, Medivac  
  99  7:21  SCV  
  106  7:25  Medivac  
  106  7:26  SCV  
  106  7:28  Refinery  
  109  7:30  Barracks Reactor x2  
  109  7:32  Marine, Widow Mine x2  
  109  7:33  SCV  
  109  7:35  Marine  
  116  7:37  Supply Depot x2  
  116  7:42  SCV  
  117  7:46  SCV  
  112  7:58  Marine x5  
  114  8:01  Widow Mine x2  
  114  8:02  Widow Mine  
  118  8:06  Medivac x2  
  118  8:07  Drilling Claws  
  118  8:09  Marine x2  
  118  8:11  SCV x3  
  125  8:15  Marine  
  125  8:18  Marine  
  127  8:23  SCV x2  
  128  8:31  Terran Infantry Weapons Level 2  
  128  8:33  Marine x5  
  133  8:35  Marine  
  133  8:39  Barracks  
  133  8:40  Barracks  
  133  8:51  Supply Depot  
  133  8:52  Supply Depot  
  133  8:53  Supply Depot  
  133  8:59  Marauder, Marine x6  
  133  9:01  Liberator x2  
  141  9:09  Marine  
  141  9:10  Marine  
  141  9:12  Widow Mine x2  
  141  9:13  Combat Shields  
  141  9:16  Marine x6  
  148  9:21  Marauder  
  155  9:24  Siege Tank  
  155  9:27  Marine  
  155  9:28  Marine  
  158  9:34  Marine x2  
  158  9:37  Barracks Tech Lab x2  
  153  9:41  Widow Mine x2  
  153  9:42  Marauder, Marine x4  
  161  9:52  Supply Depot, Sensor Tower  
  161  9:53  Command Center, Supply Depot  
  161  9:56  Widow Mine  
  161  9:59  Marine x3, Marauder x2  
  165  10:00  Marine x2  
  165  10:03  Marauder  
  165  10:11  Medivac  
  165  10:12  Marine x2  
  165  10:14  Medivac, Marine  
  165  10:16  Marine  
  165  10:17  Marine x2  
  165  10:18  Marine x2  
  165  10:20  Marauder x2  
  175  10:30  Marine x3  
  175  10:32  Marine  
  154  10:44  Marine x4  

Tags
 
Add a new tag
Caveats
  • Supply blocks, unpowered buildings, or Contaminate may cause inaccurate times.
  • Supply counts are checked every 10 seconds.